 Dungeon Crawl Stone Soup version 0.28-a0-627-g4e9751bbfc (webtiles) character file.

Game seed: 10568540431700510484

65 KristoblXynda the Slasher (level 3, -3/31 HPs)
             Began as a Draconian Gladiator on Oct 8, 2021.
             Slain by a hobgoblin (6 damage)
             ... led by Robin
             ... on level 2 of the Dungeon.
             The game lasted 00:01:21 (1047 turns).

KristoblXynda the Slasher (Draconian Gladiator)     Turns: 1047, Time: 00:01:21

Health: -3/31      AC:  6    Str: 16    XL:     3   Next: 94%
Magic:  3/3        EV: 12    Int:  9    God:
Gold:   51         SH:  0    Dex: 12    Spells: 2/2 levels left

rFire   . . .      SeeInvis .   a - +0 long sword
rCold   . . .      Faith    .   (no shield)
rNeg    . . .      Spirit   .   (armour unavailable)
rPois   .          Reflect  .   b - +0 hat
rElec   .          Harm     .   (no cloak)
rCorr   .          Rampage  .   (no gloves)
Will    .....                   d - +0 pair of boots
Stlth   +.........              (no amulet)
HPRegen 0.10/turn               (no ring)
MPRegen 0.08/turn               (no ring)

@: mighty
A: AC +5, unfitting armour, cold-blooded
a: no special abilities


You were on level 2 of the Dungeon.
You visited 1 branch of the dungeon, and saw 2 of its levels.

You collected 51 gold pieces.

Inventory:

Hand Weapons
 a - a +0 long sword (weapon)
 k - a +2 dagger of freezing
Missiles
 c - 3 throwing nets (quivered)
Armour
 b - a +0 hat (worn)
 d - a +0 pair of boots (worn)
 j - a +0 buckler
Scrolls
 e - a scroll of fog {unknown}
 g - 2 scrolls of noise {unknown}
Potions
 f - a potion of heal wounds {unknown}
 h - a potion of might
 i - a potion of flight {unknown}


   Skills:
 + Level 3.0 Fighting
 * Level 3.9 Long Blades
 - Level 2.0 Throwing
 + Level 3.2 Dodging


You had 2 spell levels left.
You didn't know any spells.
Your spell library was empty.

Dungeon Overview and Level Annotations

Branches:
Dungeon (2/15)

Altars:
Elyvilon

Shops:
D:1 :


Innate Abilities, Weirdness & Mutations

Your plain brown scales are hard. (AC +5)
You cannot fit into any form of body armour.
You are cold-blooded and may be slowed by cold attacks.


Message History

A goblin comes into view. It is wielding a +0 dagger.
The goblin hits you but does no damage. The goblin completely misses you.
You completely miss the goblin.
Your tail-slap misses the goblin.
The goblin is heavily wounded.
The goblin hits you but does no damage. Robin throws the goblin at you!
The goblin hits you with a +0 club.
You hit the goblin.
You kill the goblin!
Robin throws the goblin at you! The hobgoblin hits you.
The goblin hits you with a +0 club.
You are too injured to fight recklessly!
The goblin hits you with a +0 club.
Items here: ( )))) ††.
You see here a +0 club.
You completely miss Robin. Robin hits you with a +0 club.
Robin hits you but does no damage.
You hit Robin but do no damage. You tail-slap Robin, but do no damage.
The hobgoblin no longer looks unusually strong.
Robin hits you but does no damage.
You slash Robin!
Your tail-slap misses Robin.
Robin is severely wounded.
Robin throws the goblin at you! The goblin hits you with a +0 club.
* * * LOW HITPOINT WARNING * * *
Unknown command.
It was a potion of might.
You feel very mighty all of a sudden. Robin hits you with a +0 club.
* * * LOW HITPOINT WARNING * * *
The goblin hits you but does no damage.
Unknown command.
Okay, then.
You hit Robin.
You kill Robin!
The goblin no longer looks unusually strong.
The goblin misses you.
Your Fighting skill increases to level 3!
You closely miss the goblin. The goblin hits you with a +0 club.
* * * LOW HITPOINT WARNING * * *
The hobgoblin hits you.
You die...

########## ####################
##.........
...............g@gg####..........
............######g..#...........
#.#................).............
#.#................).............
#...<......##########............
#..........# ##.........†.
#....##††####### #####).........
#....###.......## #..............
#....# ###......# #........##....


You could see 2 hobgoblins and 2 goblins.

Vanquished Creatures
  Robin (D:2)
  3 endoplasms (D:1)
  4 giant cockroaches (D:1)
  9 goblins
  4 hobgoblins
  3 jackals (D:2)
  6 kobolds
  A quokka (D:1)
  3 ball pythons (D:1)
  8 bats (D:1)
  A frilled lizard (D:1)
  3 rats (D:1)
46 creatures vanquished.

Notes
Turn   | Place    | Note
-------+----------+-------------------------------------------
     0 | D:1      | KristoblXynda the Draconian Gladiator began the quest for
                  | the Orb.
     0 | D:1      | Reached XP level 1. HP: 17/17 MP: 1/1
   173 | D:1      | Reached XP level 2. HP: 25/25 MP: 2/2
   395 | D:1      | Reached XP level 3. HP: 23/30 MP: 3/3
   545 | D:1      | Found Woeqar's Book Shop.
   974 | D:2      | Found a white marble altar of Elyvilon.
  1028 | D:2      | Noticed Robin
  1046 | D:2      | Killed Robin
  1047 | D:2      | Slain by a hobgoblin

Illustrated notes

Levels and vault maps discovered:
D:1:      dpeg_arrival_rooms_b, layout_basic, serial_shops,
          nicolae_shop_behind_doors
D:2:      layout_rooms, serial_shops, nicolae_square_shop, basic_altar,
          shapermc_ecumenical_altar_ellora, chequers_serial_rivers_marsh,
          uniq_crazy_yiuf_cottage, uniq_robin

Skill      XL: |  1  2  3 |
---------------+----------+-----
Throwing       | 2 |  2.0
Dodging        | 3 |  3.2
Fighting       | 3 |  3.0
Long Blades    | |  3.9

Action                   || total
-------------------------++-------
Melee: Long sword        ||   118
       Tailslap          ||    14
  Use: Potion            ||     1
 Stab: Sleeping          ||     2
Armor: Skin              ||    57
Dodge: Dodged            ||   112

Table legend: (Time is in decaauts)
 A = Elapsed time spent in this place.
 B = Non-inter-level travel time spent in this place.
 C = Inter-level travel time spent in this place.
 D = Time resting spent in this place.
 E = Time spent auto-exploring this place.
 F = Levels seen in this place.
 G = Mean time per level.
                   A        B        C        D        E       F      G
               +--------+--------+--------+--------+--------+-----+--------+
         Total |   1076 |   1067 |      9 |      0 |    772 |   2 |  538.0 |
       Dungeon |   1076 |   1067 |      9 |      0 |    772 |   2 |  538.0 |
               +--------+--------+--------+--------+--------+-----+--------+

Top non-repeatable levels by time:
     D:1: 867 daAuts
     D:2: 208 daAuts
